AoeStats
← posteau.w

Arena

509164700Analyzed
2v2 RM · 5d ago on Sep 25, 2026· 47m 49s· 4 players
Game mode
Random Map
Map size
Medium (4 player)
Population
200
Speed
Normal
Resources
Standard
Victory
Conquest
Starting age
Dark Age
Ending age
Imperial Age
RankedLock teamsTeams togetherTeam positionsShared explorationLock speedFull tech treeHidden civsTurbo modeCheats
Victory
Defeat
🇦🇷 Malians · Argentina
844
+13
🇦🇷 Spanish · Argentina
813
+14
🇨🇴 Bohemians · Colombia
798
-14
🇧🇪 Celts · Belgium
757
-13
Efra9035
12:07 Feudal Age
12:37 Horse Collar
12:50 Double-Bit Axe
18:04 Castle Age
18:59 Heavy Plow
19:16 Bow Saw
20:50 Pikeman
22:19 Squires
23:35 Ballistics
24:05 Loom
29:46 Padded Archer Armor
29:37 Fletching
29:48 Scale Mail Armor
29:59 Forging
33:49 Imperial Age
31:57 Wheelbarrow
31:17 Town Watch
33:10 Chemistry
32:55 Hand Cart
33:15 Town Patrol
34:58 Halberdier
35:18 Elite Skirmisher
37:36 Two-Man Saw
37:13 Leather Archer Armor
37:11 Bodkin Arrow
37:32 Chain Mail Armor
37:58 Fortified Wall
38:23 Masonry
40:09 Conscription
39:55 Hussite Reforms
39:55 Wagenburg Tactics
40:31 Ring Archer Armor
40:37 Iron Casting
45:13 Houfnice
posteau.w
11:43 Feudal Age
12:49 Horse Collar
12:56 Double-Bit Axe
17:38 Castle Age
17:19 Man-at-Arms
19:11 Wheelbarrow
21:37 Bow Saw
23:22 Gold Mining
23:59 Heavy Plow
27:37 Hand Cart
29:50 Ballistics
30:10 Gold Shaft Mining
29:28 Stone Mining
33:38 Imperial Age
31:42 Stronghold
32:55 Stone Shaft Mining
34:27 Forging
34:22 Scale Barding Armor
34:21 Scale Mail Armor
34:56 Guard Tower
34:39 Heavy Scorpion
36:26 Furor Celtica
36:48 Conscription
37:16 Capped Ram
39:04 Siege Ram
C0RMANO
9:34 Feudal Age
12:46 Double-Bit Axe
12:43 Horse Collar
16:48 Castle Age
20:10 Gold Mining
20:13 Stone Mining
24:23 Heavy Plow
24:35 Bow Saw
25:19 Loom
26:14 Gold Mining
27:53 Wheelbarrow
30:52 Imperial Age
31:00 Imperial Age
29:17 Bloodlines
29:08 Husbandry
31:03 Cavalier
32:08 Conscription
32:00 Scale Barding Armor
32:09 Forging
33:51 Two-Man Saw
35:21 Chemistry
34:37 Onager
35:49 Fletching
36:24 Masonry
37:15 Chain Barding Armor
37:36 Elite Conquistador
39:34 Bodkin Arrow
39:44 Padded Archer Armor
40:20 Plate Barding Armor
40:22 Iron Casting
41:01 Paladin
44:18 Bracer
44:34 Leather Archer Armor
47:55 Guilds
Soldadito
11:01 Feudal Age
11:32 Double-Bit Axe
11:28 Horse Collar
13:01 Loom
16:35 Gold Mining
16:35 Stone Mining
19:26 Castle Age
19:25 Gold Mining
19:28 Stone Mining
20:57 Pikeman
22:13 Squires
24:32 Heavy Plow
25:20 Town Watch
26:11 Wheelbarrow
26:28 Scale Barding Armor
30:40 Imperial Age
30:50 Bloodlines
31:29 Sanctity
31:52 Gold Shaft Mining
33:02 Tigui
34:11 Bow Saw
35:12 Chemistry
34:34 Ballistics
35:28 Husbandry
35:12 Onager
36:32 Hand Cart
37:11 Cavalier
41:54 Siege Onager
Connection lost

Rejoining the realm…

Still unreachable

The connection could not be restored.

Session expired

The server has moved on; the page needs a fresh start.